 Dungeon Crawl Stone Soup version 0.19.5 (webtiles) character file.

40 GEC the Grave Robber (level 3, -3/24 HPs)
             Began as a Human Necromancer on Apr 6, 2017.
             Slain by a goblin
             ... wielding a +0 club
             ... led by Robin
              (4 damage)
             ... on level 1 of the Dungeon.
             The game lasted 00:10:31 (1564 turns).

GEC the Grave Robber (Human Necromancer)            Turns: 1564, Time: 00:10:33

Health: -3/24      AC:  2    Str:  8    XL:     3   Next: 72%
Magic:  3/6        EV: 12    Int: 16    God:
Gold:   56         SH:  0    Dex: 13    Spells: 2 memorised, 5 levels left

rFire  . . .     SeeInvis .     j - +0 club
rCold  . . .     Gourm    .     a - +0 robe
rNeg   . . .     Faith    .     (no shield)
rPois  .         Spirit   .     (no helmet)
rElec  .         Reflect  .     (no cloak)
rCorr  .         Harm     .     (no gloves)
MR     .....                    (no boots)
Stlth  ++........               (no amulet)
                                (no ring)
                                (no ring)

@: no status effects
A: no striking features
a: no special abilities


You were on level 1 of the Dungeon.
You were not hungry.

You visited 1 branch of the dungeon, and saw 2 of its levels.

You collected 56 gold pieces.

Inventory:

Hand Weapons
 j - a +0 club (weapon)
Armour
 a - a +0 robe (worn)
Scrolls
 e - 3 scrolls of identify
 g - a scroll of fear {unknown}
 h - 2 scrolls of enchant weapon
Potions
 i - a potion of haste {unknown}
Books
 b - a book of Necromancy

   Spells                             Type                      Level
   a - Pain                           Necromancy                   1
   b - Animate Skeleton               Necromancy                   1
   c - Vampiric Draining              Necromancy                   3
   d - Regeneration                   Charms/Necromancy            3
   e - Animate Dead                   Necromancy                   4
   f - Control Undead                 Necromancy                   4
Comestibles
 c - 2 bread rations
 d - 3 fruits
 f - 4 chunks of flesh


   Skills:
 + Level 0.2 Maces & Flails
 + Level 2.0 Dodging
 + Level 2.1 Stealth
 + Level 2.5 Spellcasting
 + Level 4.6 Necromancy


You had 5 spell levels left.
You knew the following spells:

 Your Spells              Type           Power        Failure   Level  Hunger
a - Pain                  Necr           ###.         3%          1    #......
b - Animate Skeleton      Necr           N/A          3%          1    #......


Dungeon Overview and Level Annotations

Branches:
Dungeon (2/15)

Altars:
Nemelex Xobeh

Annotations:
D:2 Robin


Message History

The goblin closely misses you.
Robin roars a battlecry!
Things that are here:
18 sling bullets; an uncursed club; an uncursed hunting sling The goblin barely misses you.
You see here a goblin corpse.
You see here a sling bullet.
There is a stone staircase leading up here.
You see here 6 sling bullets.
The goblin hits you with a club!
* * * LOW HITPOINT WARNING * * *
You climb upwards.
There is a stone staircase leading down here.
Casting: Animate Skeleton
Confirm with . or Enter, or press ? or * to list all spells.
Aiming: Pain
Press: ? - help, Shift-Dir - straight line, f - goblin
Aim: a goblin, wielding a club (unusually strong, chance to defeat MR: 87%)
The goblin writhes in agony!
The goblin hits you with a club.
You die...

#..#..##)##.#
#.##...#.##.#
#########.##.#.#....#
#..........#.#.##..##
#..........#.#..#(.##
#..........#.##.#..##
#..........#.##.[....
#.....)..............
#...@........####..#.
#....g.......####....
####.........##......
##.................
##..................
###............#####..
####.............##
#..
##.)....#.........#
#..
####.>#.####.........#
##.


You could see a goblin.

Vanquished Creatures
  3 bats (D:1)
  3 giant cockroaches (D:1)
  6 hobgoblins
  2 jackals (D:1)
  4 kobolds (D:1)
  10 goblins
  5 rats (D:1)
33 creatures vanquished.

Vanquished Creatures (collateral kills)
  A goblin (D:1)
  A frilled lizard (D:1)
2 creatures vanquished.

Vanquished Creatures (others)
  A goblin (D:1)
1 creature vanquished.

Grand Total: 36 creatures vanquished

Notes
Turn   | Place    | Note
-------+----------+-------------------------------------------
     0 | D:1      | GEC the Human Necromancer began the quest for the Orb.
     0 | D:1      | Reached XP level 1. HP: 13/13 MP: 3/3
     3 | D:1      | Learned a level 1 spell: Animate Skeleton
   147 | D:1      | Reached XP level 2. HP: 17/19 MP: 0/5
   693 | D:1      | Reached XP level 3. HP: 18/24 MP: 6/6
   775 | D:1      | Found a sparkling altar of Nemelex Xobeh.
  1103 | D:2      | Noticed Robin
  1564 | D:1      | Slain by a goblin

Action                   || total
-------------------------++-------
Melee: Club              ||    41
 Cast: Pain              ||    47
       Animate Skeleton  ||     6
  Use: Scroll            ||     2
  Eat: Chunk             ||     3
Armor: Robe              ||    12
Dodge: Dodged            ||    47
